Map: 10000 Feet LE

Players

Krystianer

  • Race: Protoss Protoss
  • League: Grandmaster
  • Spawn Location: 11:00

LiquidClem (Clem) - Winner!

  • Race: Terran Terran
  • League: Grandmaster
  • Spawn Location: 5:00

VOD

Have the link to the VOD?

Description

Time

  • Played on: Jan. 31, 2026, 6:41 a.m.
  • Length: 12:40
Show
View Real Time Build Order
Export as new Build Order

Krystianer Protoss 

Build Orders: 1 Gate Expand, Blink Stalkers, Zealot Archon 

Get SALT Encoding   

  12  0:00  Probe  
  13  0:12  Probe  
  14  0:17  Pylon  
  14  0:23  Probe  
  15  0:31  Probe  
  16  0:35  Gateway  
  16  0:39  Probe  
  16  0:45  Assimilator  
  17  0:50  Probe  
  18  1:02  Probe  
  19  1:15  Probe  
  20  1:21  Nexus  
  20  1:30  Cybernetics Core  
  20  1:33  Probe  
  20  1:38  Assimilator  
  21  1:45  Probe  
  22  1:48  Pylon  
  22  1:56  Adept  
  22  1:57  Probe  
  23  2:07  Warp Gate  
  25  2:10  Probe  
  26  2:17  Twilight Council  
  26  2:20  Probe  
  27  2:23  Stalker  
  27  2:28  Probe x2  
  29  2:31  Blink  
  29  2:36  Probe  
  29  2:37  Probe  
  33  2:47  Probe  
  33  2:48  Probe  
  35  2:59  Probe  
  35  3:00  Probe  
  35  3:01  Stalker  
  39  3:11  Probe  
  40  3:13  Gateway  
  40  3:16  Gateway  
  40  3:18  Probe  
  41  3:23  Probe  
  42  3:29  Robotics Facility  
  42  3:30  Probe  
  43  3:35  Pylon, Probe  
  44  3:42  Probe  
  44  3:43  Shield Battery  
  45  3:50  Probe  
  46  3:58  Probe  
  48  4:05  Pylon  
  48  4:09  Assimilator  
  48  4:12  Stalker  
  48  4:13  Nexus, Stalker  
  48  4:15  Stalker  
  53  4:17  Probe  
  53  4:23  Observer, Probe  
  56  4:24  Assimilator, Pylon  
  56  4:29  Probe  
  57  4:36  Probe  
  57  4:37  Charge  
  58  4:39  Stalker x2  
  58  4:42  Observer, Probe  
  58  4:44  Stalker  
  66  4:48  Probe  
  66  4:50  Pylon  
  67  4:54  Probe  
  67  4:57  Probe  
  68  5:05  Probe  
  68  5:06  Probe  
  70  5:08  Stalker  
  70  5:14  Stalker x2  
  77  5:18  Probe  
  77  5:20  Gateway  
  78  5:24  Gateway  
  78  5:27  Templar Archives  
  78  5:31  Gateway  
  78  5:35  Immortal  
  78  5:38  Gateway  
  78  5:41  Gateway  
  82  5:50  Zealot  
  82  5:55  Pylon  
  82  5:56  Zealot  
  86  6:01  Zealot  
  86  6:02  Probe x2  
  86  6:03  Probe  
  85  6:17  Zealot x3  
  87  6:22  Stalker x2  
  87  6:26  Zealot  
  88  6:36  Zealot x2  
  82  6:40  Stalker  
  82  6:41  Probe  
  83  6:50  Probe x2  
  85  6:56  High Templar  
  85  6:57  High Templar x3  
  85  6:58  Zealot x3  
  100  7:01  Archon  
  100  7:02  Archon  
  100  7:05  Pylon  
  100  7:07  Pylon  
  99  7:14  Zealot  
  101  7:18  Shield Battery  
  101  7:20  Pylon  
  95  7:33  Stalker x6  
  102  7:45  Zealot x2  
  102  7:50  Probe  
  107  7:52  Probe x2  
  107  7:58  Robotics Bay  
  109  8:00  Probe  
  109  8:01  Probe  
  109  8:04  Robotics Bay  
  111  8:06  Forge  
  111  8:08  Probe  
  111  8:09  Probe x2  
  113  8:17  Probe  
  114  8:20  Probe  
  114  8:21  Probe  
  114  8:26  Nexus  
  117  8:28  Probe  
  117  8:29  Pylon  
  117  8:31  Colossus  
  117  8:32  Probe  
  117  8:34  Probe  
  120  8:37  Protoss Ground Weapons Level 1  
  120  8:39  Robotics Facility  
  120  8:40  Probe  
  121  8:44  Probe  
  121  8:46  Probe  
  119  8:51  Forge  
  119  8:52  Probe  
  126  8:56  Probe  
  126  8:58  Probe  
  126  9:02  Assimilator  
  128  9:03  Extended Thermal Lance  
  128  9:13  Pylon  
  128  9:15  Colossus  
  128  9:18  Probe x2  
  128  9:23  Pylon  
  130  9:27  Probe  
  130  9:28  Protoss Ground Armor Level 1  
  130  9:29  Zealot  
  144  9:40  Pylon  
  144  9:41  Zealot x6  
  156  9:46  Probe  
  156  9:49  Pylon  
  156  9:51  Colossus  
  157  9:52  Zealot  
  157  9:53  Zealot  
  157  9:57  Disruptor  
  157  9:58  Pylon  
  159  10:12  Pylon  
  163  10:15  Stalker x4, Nexus  
  163  10:21  Probe  
  172  10:29  Disruptor  
  172  10:33  Zealot x4  
  184  10:37  Pylon  
  184  10:42  Stalker x3  
  190  10:45  Probe  
  190  10:46  Probe  
  190  10:49  Disruptor  
  192  10:54  Colossus  
  184  10:57  Zealot x5  
  194  11:19  Disruptor  
  196  11:32  Zealot x8  
  140  11:40  Disruptor  
  126  11:49  Probe  
  126  11:50  Robotics Facility, Probe  
  126  11:52  Zealot x8  
  148  11:56  Gateway  
  148  11:57  Probe x2  
  148  11:58  Gateway  
  148  12:00  Gateway  
  150  12:01  Gateway  
  150  12:13  Stalker x5, Zealot x3  
  165  12:20  Probe  
Show
View Real Time Build Order
Export as new Build Order

LiquidClem Terran - Winner!

Build Orders: Cyclone Opening 

Get SALT Encoding   

  12  0:00  SCV  
  13  0:12  SCV  
  14  0:16  Supply Depot  
  14  0:24  SCV  
  15  0:38  SCV  
  15  0:39  Barracks  
  15  0:42  Refinery  
  16  0:50  SCV  
  17  1:02  SCV  
  18  1:14  SCV  
  19  1:27  Orbital Command  
  20  1:35  Command Center  
  20  1:38  Marine  
  20  1:49  Factory  
  20  1:53  SCV  
  21  2:00  Barracks Tech Lab  
  21  2:03  Supply Depot  
  21  2:06  SCV  
  22  2:11  Refinery  
  22  2:18  SCV  
  23  2:29  Marine  
  24  2:30  SCV  
  24  2:35  Barracks  
  25  2:38  Cyclone  
  25  2:42  SCV  
  29  2:48  Orbital Command  
  29  2:52  Barracks Reactor  
  29  2:54  SCV  
  30  3:07  SCV, Barracks  
  31  3:14  SCV  
  32  3:20  SCV  
  32  3:22  Supply Depot  
  32  3:26  SCV  
  34  3:28  Marine  
  34  3:29  Marine  
  34  3:32  SCV  
  34  3:33  Factory Tech Lab, Stimpack, Marine  
  38  3:38  SCV  
  39  3:45  SCV  
  40  3:49  Marine x2  
  40  3:50  SCV  
  43  3:57  SCV  
  43  3:58  Marine  
  43  4:02  SCV, Combat Shield  
  46  4:03  Marine  
  46  4:07  Supply Depot  
  46  4:08  Engineering Bay  
  46  4:09  SCV  
  48  4:10  Starport  
  48  4:12  Marine x2  
  48  4:15  Factory Reactor  
  48  4:16  SCV  
  51  4:20  Marauder  
  51  4:21  SCV  
  54  4:25  Supply Depot  
  54  4:29  SCV, Marauder  
  57  4:32  Supply Depot  
  57  4:34  SCV  
  57  4:35  Marine x2  
  60  4:39  Terran Infantry Weapons Level 1  
  60  4:41  Refinery  
  60  4:43  SCV  
  61  4:47  Marauder, SCV  
  61  4:52  Supply Depot  
  64  4:55  SCV, Marauder  
  64  4:56  Medivac  
  69  5:00  SCV  
  69  5:05  Marine x2, Supply Depot  
  69  5:07  Medivac  
  73  5:08  SCV  
  73  5:11  Marauder  
  73  5:13  Refinery  
  76  5:14  SCV  
  76  5:17  Marauder  
  79  5:21  SCV  
  79  5:26  Supply Depot, Marine x2  
  79  5:28  SCV  
  82  5:29  Factory Reactor  
  82  5:36  Marauder  
  84  5:43  Marauder, Command Center  
  84  5:45  Marine  
  84  5:46  Marine  
  84  5:49  Supply Depot  
  88  5:55  Medivac  
  88  5:56  Medivac  
  92  5:57  Marauder  
  94  6:04  Marauder  
  94  6:07  Widow Mine x2  
  94  6:09  Marine x2  
  97  6:19  Marauder  
  89  6:26  Marauder  
  89  6:27  Barracks  
  89  6:28  Marine x2, Barracks  
  89  6:29  Medivac x2  
  94  6:36  Widow Mine x2  
  94  6:39  Marine  
  88  6:41  SCV  
  88  6:42  SCV  
  88  6:46  Marine  
  85  6:47  Terran Infantry Armor Level 1  
  85  6:48  Concussive Shells  
  85  6:52  Marine  
  85  6:53  Marauder  
  88  6:54  SCV  
  88  6:56  SCV  
  88  6:59  Marauder, Medivac  
  94  7:04  Widow Mine x2  
  94  7:06  SCV  
  94  7:07  Medivac  
  94  7:08  SCV  
  102  7:09  Marine  
  102  7:12  Marine  
  104  7:17  Ghost Academy  
  104  7:19  Barracks Tech Lab, Barracks Reactor  
  104  7:23  SCV, Marauder  
  104  7:26  Marauder  
  104  7:29  Widow Mine, Marine  
  108  7:30  Marine  
  108  7:33  Supply Depot  
  109  7:37  Orbital Command  
  109  7:38  SCV x2  
  109  7:41  Liberator  
  112  7:44  Marauder  
  112  7:46  Marauder  
  112  7:48  Widow Mine  
  112  7:49  Marine  
  112  7:50  SCV  
  118  7:51  Marine  
  118  7:55  Supply Depot  
  118  7:56  Liberator  
  118  7:57  SCV  
  123  7:59  Widow Mine  
  123  8:02  Supply Depot, SCV x2  
  123  8:03  Marine  
  128  8:05  Marine  
  128  8:08  Marauder  
  128  8:09  SCV  
  132  8:14  SCV  
  132  8:15  Armory  
  132  8:17  SCV, Marauder  
  132  8:18  Engineering Bay  
  136  8:23  Refinery x2  
  136  8:24  Marine x3  
  136  8:25  Marine  
  136  8:26  SCV  
  139  8:31  SCV, Supply Depot  
  139  8:32  SCV  
  141  8:36  Ghost x2  
  141  8:40  SCV  
  143  8:43  SCV, Supply Depot  
  143  8:46  SCV  
  142  8:52  Command Center  
  142  8:53  Marine  
  142  8:54  SCV  
  144  8:55  Marine  
  144  8:56  Marine x2  
  144  9:00  Supply Depot, SCV x2  
  144  9:02  Terran Infantry Weapons Level 2  
  149  9:03  Starport  
  149  9:07  Terran Infantry Armor Level 2  
  149  9:09  Marauder  
  151  9:12  SCV, Sensor Tower  
  151  9:15  Bunker  
  151  9:16  Supply Depot  
  152  9:19  Viking  
  152  9:20  Viking  
  156  9:24  Marine  
  156  9:26  Marine x2  
  156  9:28  Marine  
  160  9:33  Supply Depot, Ghost  
  160  9:35  SCV x2  
  160  9:36  Missile Turret  
  160  9:38  SCV  
  163  9:40  Viking x2  
  163  9:44  Ghost  
  168  9:49  Terran Ship Weapons Level 1  
  168  9:50  Supply Depot  
  168  9:52  Viking  
  169  9:57  Viking  
  171  10:05  Barracks  
  171  10:07  Barracks  
  171  10:08  Barracks  
  171  10:11  Marine x4, Missile Turret  
  175  10:14  Ghost  
  175  10:16  SCV  
  175  10:19  SCV x2  
  180  10:25  Sensor Tower  
  181  10:28  SCV  
  181  10:30  Ghost  
  181  10:33  Planetary Fortress  
  181  10:35  SCV  
  184  10:36  Marauder  
  184  10:38  Viking  
  184  10:41  Refinery  
  188  10:43  Refinery, Marauder  
  188  10:45  Viking  
  188  10:48  Viking  
  194  10:51  SCV  
  194  10:55  SCV x2  
  194  10:57  Marauder  
  194  10:59  Marine  
  199  11:08  Viking, Marauder  
  199  11:09  Marauder, Barracks Tech Lab  
  199  11:10  Barracks Tech Lab x2  
  198  11:17  Command Center  
  198  11:20  Viking  
  198  11:21  Marine  
  198  11:27  Marauder  
  198  11:32  Marauder  
  199  11:35  Marauder  
  199  11:37  Medivac  
  199  11:38  Marine, Marauder  
  187  11:40  Marine  
  187  11:43  Marine  
  187  11:45  Medivac  
  185  11:48  Fusion Core, Marine x2  
  185  11:53  Command Center  
  187  11:55  Marauder  
  187  11:57  Marine  
  187  11:58  Marauder  
  187  12:00  Marine, Marauder  
  193  12:04  Marauder x2  
  193  12:07  Marauder  
  193  12:08  Marine  
  196  12:17  Marauder  
  196  12:21  Marine  
Tags
 
Add a new tag
Caveats
  • Supply blocks, unpowered buildings, or Contaminate may cause inaccurate times.
  • Supply counts are checked every 10 seconds.